 Dungeon Crawl Stone Soup version 0.24-a0-417-g1cce26a4d2 (webtiles) character file.

Game seed: 3903120693791417979

26821 JellyEater the Geomancer (level 13, 0/76 HPs)
             Began as a Gargoyle Earth Elementalist on June 10, 2019.
             Was a High Priest of Vehumet.
             Shot with an arrow by a centaur warrior (8 damage)
             ... on level 14 of the Dungeon.
             The game lasted 01:03:55 (17920 turns).

JellyEater the Geomancer (GrEE)                    Turns: 17920, Time: 01:03:55

Health: 0/76       AC: 22    Str: 13    XL:     13   Next: 28%
Magic:  26/26      EV: 14    Int: 20    God:    Vehumet [*****.]
Gold:   2281       SH:  0    Dex: 10    Spells: 14/30 levels left

rFire    . . .     SeeInvis +   y - +2 flail (protect)
rCold    . . .     Gourm    .   (no shield)
rNeg     + . .     Faith    .   c - +2 robe
rPois    ∞         Spirit   .   O - +1 helmet
rElec    +         Reflect  .   G - +2 cloak {+Inv}
rCorr    .         Harm     .   h - +2 pair of gloves
MR       .....                  (no boots)
Stlth    ++........             (no amulet)
HPRegen  0.22/turn              I - +2 ring of slaying
MPRegen  0.20/turn              t - ring of see invisible

@: no status effects
A: blurry vision 1, mutation resistance 1, negative energy resistance 1,
electricity resistance, unbreathing, petrification resistance, rot immunity,
subdued magic 1, AC +9
a: Renounce Religion, Evoke Invisibility


You were on level 14 of the Dungeon.
You worshipped Vehumet.
Vehumet was extremely pleased with you.
You were not hungry.

You visited 2 branches of the dungeon, and saw 15 of its levels.
You also visited: Ossuary.

You collected 2358 gold pieces.
You spent 77 gold pieces at shops.

Inventory:

Hand Weapons
 y - a +2 flail of protection (weapon)
 J - a +0 morningstar
 P - a +5 dire flail
Missiles
 k - a throwing net (quivered)
Armour
 c - a +2 robe (worn)
 h - a +2 pair of gloves (worn)
 G - a +2 cloak of invisibility (worn)
 O - a +1 helmet (worn)
Jewellery
 i - an uncursed ring of resist corrosion
 m - an uncursed ring of protection from cold
 t - a ring of see invisible (right hand)
 v - an uncursed ring of ice
 D - an uncursed ring of flight
 H - a +5 ring of dexterity
 I - a +2 ring of slaying (left hand)
Wands
 r - a wand of acid (4)
 s - a wand of clouds (9)
 C - a wand of polymorph (8)
 L - a wand of flame (30)
Scrolls
 f - 2 scrolls of identify
 j - 2 scrolls of fear
 l - 5 scrolls of teleportation
 n - 5 scrolls of amnesia
 w - 6 scrolls of remove curse
 z - a scroll of magic mapping
Potions
 a - 4 potions of haste
 e - 8 potions of curing
 o - 4 potions of flight
 q - 4 potions of might
 u - 5 potions of heal wounds
 x - 3 potions of agility
 A - 2 potions of ambrosia
 B - 5 potions of lignification
 E - 2 potions of magic
 F - 2 potions of brilliance
Miscellaneous
 N - a box of beasts
Comestibles
 d - 26 rations


   Skills:
 + Level 6.8 Fighting
 + Level 6.3 Maces & Flails
 - Level 6.0 Armour
 + Level 5.6 Dodging
 - Level 2.1 Stealth
 + Level 9.3 Spellcasting
 + Level 10.6 Conjurations
 - Level 0.7 Transmutations
 * Level 3.4 Fire Magic
 + Level 12.1 Earth Magic
 + Level 5.8 Evocations


You had 14 spell levels left.
You knew the following spells:

 Your Spells              Type           Power        Failure   Level  Hunger
a - Sandblast             Erth           #####.       1%          1    None
b - Stone Arrow           Conj/Erth      #####.       1%          3    None
c - Lee's Rapid Deconstr  Erth           #####.....   1%          5    #####..
d - Passwall              Tmut/Erth      ####....     1%          2    None
e - Fireball              Conj/Fire      ####......   2%          5    #####..

Your spell library contained the following spells:

 Spells                   Type           Power        Failure   Level  Hunger
 Shock                    Conj/Air       ###.         1%          1    None
 Static Discharge         Conj/Air       ###.....     1%          3    None
 Petrify                  Tmut/Erth      ####....     4%          4    ###....
 Lightning Bolt           Conj/Air       ###.......   5%          5    #####..
 Swiftness                Chrm/Air       #.......     9%          2    None
 Airstrike                Air            #.........   17%         4    ###....
 Yara's Violent Unravell  Hex/Tmut       #.........   36%         5    #####..
 Cause Fear               Hex            #.........   54%         4    ###....
 Silence                  Hex/Air        #.........   88%         5    #####..
 Deflect Missiles         Chrm/Air       #.........   100%        6    ######.
 Discord                  Hex            #.........   100%        8    #######


Dungeon Overview and Level Annotations

Branches:
Dungeon (14/15)            Temple (1/1) D:6            Lair (0/6) D:9
    Orc (0/2) D:10
 Vaults: D:13-14

Altars:
Ashenzari
Cheibriados
Dithmenos
Elyvilon
Fedhas
Gozag
Hepliaklqana
Kikubaaqudgha
Makhleb
Nemelex Xobeh
Okawaru
Qazlal
Ru
Sif Muna
Trog
Uskayaw
Vehumet
Wu Jian
Xom
Yredelemnul
Zin
The Shining One
Beogh

Shops:
D:5 (   D:9 *   D:10 (


Innate Abilities, Weirdness & Mutations

You are resistant to torment.
Your stone body is resilient. (AC +9)
You are immune to poison.
You resist negative energy. (rN+)
You are resistant to electric shocks. (rElec)
You can survive without breathing.
You are immune to petrification.
You are immune to rotting.
Scrolls take you a little longer to read.
You are somewhat resistant to further mutation.
Your spells are a little easier to cast, but a little less powerful.


Message History

Unknown command.
Unknown command.
Unknown command.
Unknown command.
Unknown command.
Unknown command.
Evoke which item? (* to show all) (? for menu, Esc to quit)
Aiming: Paralyse
Press: ? - help, Shift-Dir - straight line, f/p - centaur warrior
Aim: a centaur warrior, wielding a +1 longbow of flaming (chance to defeat MR: 46%)
The centaur warrior resists with some effort.
The now-empty wand crumbles to dust.
A vampire mosquito comes into view.
The orc warrior throws a boomerang.
The boomerang hits you but does no damage.
The weapon returns to the orc warrior!
The centaur warrior shoots an arrow.
The arrow hits you!!
* * * LOW HITPOINT WARNING * * *
The arrow burns you!
You die...

. #..#
#...(.......
..####..#
#...........
......# #...<....#
....# #...<....#
#y.# #........#
#(<####........#
#...(.(........#
#....§....^......
#....(y@.####.....
#....T(..# .....
#§...o...#
...........#
.........§c#
####)......§#
#..####..# #..
#..# #. #...


You could see a centaur warrior, a troll, an orc warrior and 2 vampire
mosquitoes.

Vanquished Creatures
  Erolcha (D:13)
  Erica (D:8)
  A catoblepas (D:12)
  3 two-headed ogres
  2 tengu warriors
  4 unseen horrors
  6 ugly things
  An orc knight (D:10)
  A cyclops (D:12)
  A manticore (D:11)
  Maurice (D:9)
  A centaur zombie (D:13)
  A gargoyle (D:11)
  A centaur skeleton (D:13)
  Psyche (D:9)
  2 komodo dragons
  A tengu conjurer (D:13)
  A troll (D:12)
  A merfolk (shapeshifter) (D:13)
  6 hippogriffs
  A wraith (D:12)
  A wyvern (D:6)
  12 yaks
  A vampire (D:9)
  A hungry ghost (D:13)
  Grum (D:10)
  Edmund (D:6)
  A soldier ant (D:13)
  An acid dragon (D:12)
  A water moccasin (D:9)
  2 porcupines (D:9)
  6 ice beasts
  9 sky beasts
  A hornet zombie (D:6)
  10 orc warriors
  2 necrophages
  3 black bears
  11 ogres
  2 phantoms
  An eye of draining (D:13)
  6 centaurs
  4 wolves (D:10)
  3 crocodiles
  3 big kobolds
  5 bullfrogs
  7 scorpions
  16 killer bees
  19 wights
  A howler monkey (D:11)
  5 crimson imps
  2 bullfrog zombies
  2 quasits
  3 bullfrog skeletons
  4 jellies
  Crazy Yiuf (D:7)
  11 orc priests
  A gnoll shaman (D:9)
  4 hounds
  3 iguanas
  15 orc wizards
  Jessica (D:2)
  7 worker ants
  A statue (D:4)
  A big kobold zombie (Ossuary)
  A hound zombie (D:8)
  2 hound skeletons
  8 mummies (Ossuary)
  A howler monkey zombie (D:7)
  A worker ant zombie (D:9)
  7 adders
  4 gnolls
  2 shadow imps
  2 oozes
  2 adder zombies
  A worm (D:2)
  An adder skeleton (D:5)
  A dart slug (D:1)
  5 leopard geckos
  70 orcs
  4 ball pythons
  7 bats
  6 giant cockroaches
  3 gnoll zombies (Ossuary)
  5 hobgoblins
  4 jackals
  9 kobolds
  7 quokkas
  6 frilled lizards
  8 goblins
  A hobgoblin zombie (Ossuary)
  A jackal skeleton (D:4)
  A kobold zombie (Ossuary)
  A leopard gecko skeleton (D:9)
  2 orc zombies (Ossuary)
  2 quokka skeletons
  12 rats
417 creatures vanquished.

Vanquished Creatures (others)
  A fungus (D:9)
1 creature vanquished.

Grand Total: 418 creatures vanquished

Notes
Turn   | Place    | Note
-------+----------+-------------------------------------------
     0 | D:1      | JellyEater the Gargoyle Earth Elementalist began the quest
                  | for the Orb.
     0 | D:1      | Reached XP level 1. HP: 10/10 MP: 3/3
   169 | D:1      | Reached skill level 4 in Earth Magic
   169 | D:1      | Reached XP level 2. HP: 15/15 MP: 3/5
  1075 | D:1      | Reached XP level 3. HP: 19/19 MP: 4/7
  1080 | D:1      | Learned a level 3 spell: Stone Arrow
  1613 | D:2      | Reached skill level 1 in Conjurations
  1678 | D:2      | Found a blossoming altar of Fedhas.
  1689 | D:2      | Reached XP level 4. HP: 19/24 MP: 8/8
  1878 | D:2      | Noticed Jessica
  1881 | D:2      | Killed Jessica
  1969 | D:2      | Found a shattered altar of Ashenzari.
  2141 | D:3      | Reached skill level 5 in Earth Magic
  2141 | D:3      | Reached XP level 5. HP: 9/28 MP: 2/9
  2454 | D:3      | Found a burning altar of Makhleb.
  2559 | D:3      | Found a sparkling altar of Nemelex Xobeh.
  2869 | D:3      | Learned a level 5 spell: Lee's Rapid Deconstruction
  3106 | D:4      | Noticed an ogre
  3113 | D:4      | Killed an ogre
  3113 | D:4      | Reached XP level 6. HP: 27/32 MP: 4/11
  3230 | D:4      | Reached skill level 6 in Earth Magic
  3402 | D:4      | Found a radiant altar of Vehumet.
  3410 | D:4      | Became a worshipper of Vehumet
  3672 | D:4      | Reached XP level 7. HP: 29/36 MP: 13/13
  3719 | D:4      | Found an iron altar of Okawaru.
  4100 | D:5      | Entered Level 5 of the Dungeon
  4160 | D:5      | Found a shimmering altar of Xom.
  4167 | D:5      | Found a shimmering altar of Xom.
  4168 | D:5      | Found a shimmering altar of Xom.
  4205 | D:5      | Found a sand-covered staircase.
  4213 | Ossuary  | Entered an ossuary
  4341 | Ossuary  | Reached skill level 7 in Earth Magic
  4708 | Ossuary  | Reached skill level 5 in Spellcasting
  4917 | D:5      | Reached * piety under Vehumet
  4917 | D:5      | Offered knowledge of Flame Tongue by Vehumet.
  5155 | D:5      | Found Sosut's Antique Weapon Emporium.
  5257 | D:5      | Reached skill level 5 in Conjurations
  5257 | D:5      | Reached XP level 8. HP: 32/41 MP: 15/15
  5695 | D:5      | Learned a level 2 spell: Passwall
  6169 | D:6      | Reached skill level 8 in Earth Magic
  6336 | D:6      | Reached XP level 9. HP: 34/45 MP: 13/18
  6453 | D:6      | Noticed Edmund
  6459 | D:6      | Killed Edmund
  6459 | D:6      | Reached skill level 9 in Earth Magic
  6708 | D:6      | Found a staircase to the Ecumenical Temple.
  6715 | Temple   | Entered the Ecumenical Temple
  7069 | D:5      | Reached ** piety under Vehumet
  7069 | D:5      | Offered knowledge of Sting by Vehumet.
  7636 | D:7      | Found a runed translucent door.
  7637 | D:7      | Noticed Crazy Yiuf
  7642 | D:7      | Killed Crazy Yiuf
  7699 | D:7      | Noticed a two-headed ogre
  7703 | D:7      | Killed a two-headed ogre
  7703 | D:7      | Reached skill level 1 in Fighting
  7703 | D:7      | Reached skill level 1 in Maces & Flails
  7703 | D:7      | Reached skill level 1 in Armour
  7703 | D:7      | Reached skill level 1 in Evocations
  7703 | D:7      | Reached XP level 10. HP: 52/52 MP: 19/21
  7713 | D:7      | Reached skill level 10 in Earth Magic
  7932 | D:7      | Found a sacrificial altar of Ru.
  7932 | D:7      | Found an ornate altar of the Wu Jian Council.
  8042 | D:7      | Offered knowledge of Inner Flame by Vehumet.
  8482 | D:8      | Found a bloodstained altar of Trog.
  8638 | D:8      | Reached *** piety under Vehumet
  8750 | D:8      | Noticed Erica
  8758 | D:8      | Killed Erica
  9007 | D:8      | Found a hazy altar of Hepliaklqana.
  9432 | D:9      | Offered knowledge of Olgreb's Toxic Radiance by Vehumet.
  9537 | D:9      | Reached XP level 11. HP: 60/60 MP: 16/22
  9608 | D:9      | Noticed Maurice
  9614 | D:9      | Paralysed by Maurice for 3 turns
  9619 | D:9      | Killed Maurice
  9667 | D:9      | Found a staircase to the Lair.
  9883 | D:9      | Found a radiant altar of Vehumet.
  9918 | D:9      | Found Nuss's General Store.
  9979 | D:9      | Bought a potion of heal wounds for 55 gold pieces
  9979 | D:9      | Bought a scroll of identify for 22 gold pieces
  9997 | D:9      | Noticed Psyche
 10001 | D:9      | Killed Psyche
 10112 | D:9      | Reached **** piety under Vehumet
 10309 | D:9      | Noticed a two-headed ogre
 10315 | D:9      | Killed a two-headed ogre
 10449 | D:10     | Entered Level 10 of the Dungeon
 10496 | D:10     | Offered knowledge of Ignite Poison by Vehumet.
 10568 | D:10     | Found a roughly hewn altar of Beogh.
 10571 | D:10     | Noticed an orc knight
 10572 | D:10     | Found Rabid's Weapon Shop.
 10789 | D:10     | Killed an orc knight
 10871 | D:10     | Found a staircase to the Orcish Mines.
 11411 | D:10     | Noticed an unseen horror
 11417 | D:10     | Killed an unseen horror
 11417 | D:10     | Reached skill level 11 in Earth Magic
 11563 | D:10     | Reached ***** piety under Vehumet
 11580 | D:10     | Offered knowledge of Force Lance by Vehumet.
 11647 | D:10     | Noticed Grum
 11653 | D:10     | Killed Grum
 12132 | D:11     | Noticed a green ugly thing
 12142 | D:11     | Killed a green ugly thing
 12142 | D:11     | Reached skill level 5 in Fighting
 12176 | D:11     | Noticed a manticore
 12186 | D:11     | Killed a manticore
 12186 | D:11     | Reached skill level 5 in Armour
 12298 | D:11     | Reached XP level 12. HP: 65/68 MP: 24/24
 12587 | D:11     | Reached skill level 5 in Maces & Flails
 13354 | D:12     | Identified a scroll of acquirement
 13455 | D:12     | Reached skill level 5 in Evocations
 13604 | D:12     | Reached skill level 10 in Conjurations
 14316 | D:13     | Noticed a tengu warrior
 14324 | D:12     | Killed a tengu warrior
 14324 | D:12     | Reached skill level 5 in Dodging
 14515 | D:13     | Noticed a catoblepas
 14536 | D:12     | Killed a catoblepas
 14820 | D:13     | Offered knowledge of Fireball by Vehumet.
 14848 | D:13     | Learned a level 5 spell: Fireball
 14856 | D:13     | Gained mutation: Your spells are a little easier to cast,
                  | but a little less powerful. [potion of mutation]
 14856 | D:13     | Gained mutation: You are somewhat resistant to further
                  | mutation. [potion of mutation]
 14856 | D:13     | Gained mutation: Scrolls take you a little longer to read.
                  | [potion of mutation]
 14976 | D:13     | Reached skill level 1 in Fire Magic
 15939 | D:13     | Reached XP level 13. HP: 74/75 MP: 18/26
 15959 | D:13     | Noticed Erolcha
 15967 | D:13     | Killed Erolcha
 15967 | D:13     | Reached skill level 12 in Earth Magic
 17920 | D:14     | Shot with an arrow by a centaur warrior

Levels and vault maps discovered:
D:1:      dpeg_arrival_short_road, layout_loops_ring
D:2:      layout_basic, overflow_temple_1_default,
          ashenzari_conservatory_becter, minmay_misc_feat_doors,
          chequers_serial_rivers_small_a, uniq_jessica
D:3:      layout_rooms, nicolae_overflow_crystal_walls,
          nemelex_xobeh_ov_fountains_minmay, first_ration, nrook_mini_backslash
D:4:      layout_gridville, overflow_temple_1_default, vehumet_statue,
          chequers_serial_rivers_room_b
D:5:      layout_loops_cross, xom_redecorated, serial_shops, shop,
          chequers_ossuary_entry_cave, minmay_parallelograms, nzn_random_ring
D:6:      layout_basic, minmay_temple_entry_hall, minmay_bent, uniq_edmund
D:7:      layout_rooms, chequers_temple_overflow_statue_of_worship,
          palyth_stone_intersect, uniq_crazy_yiuf_cottage
D:8:      layout_basic, old_standard_altar, lightli_temple_of_fire, uniq_erica
D:9:      layout_basic, grunt_lair_entry_orc_guard_hut, serial_glass,
          glass_columns_a, glass_columns_c, glass_columns_a, serial_shops, shop,
          blue_anna_alchemist [blue_anna_fruit_fields, blue_anna_fruit_fields],
          vehumet_altar_wand_db, uniq_psyche, uniq_maurice
D:10:     layout_basic, david_orc_5, serial_shops, shop, uniq_grum
D:11:     layout_irregular_city
D:12:     layout_loops_cross
D:13:     layout_layer_cave, uniq_erolcha
D:14:     layout_small_grid, grunt_vaults_entry_fortified, tgw_sif,
          chequers_serial_rivers_small_3, uniq_josephine
Temple:   minmay_temple_curvy_loop

Skill      XL: |  1  2  3  4  5  6  7  8  9 10 11 12 13 |
---------------+----------------------------------------+-----
Earth Magic    | 4 5 6 7 8 9 10 11 12 | 12.1
Conjurations   | 1 3 5 6 8 9 10 | 10.6
Spellcasting   | 3 4 5 6 7 8 9 |  9.3
Fighting       | 1 3 5 6 |  6.8
Maces & Flails | 1 3 4 6 |  6.3
Armour         | 1 3 5 6 |  6.0
Dodging        | 2 3 4 5 |  5.6
Evocations     | 1 3 4 5 |  5.8
Fire Magic     | 2 3 |  3.4
Stealth        | |  2.1
Transmutations | |  0.7

Action                   |  1- 3 |  4- 6 |  7- 9 | 10-12 | 13-15 || total
-------------------------+-------+-------+-------+-------+-------++-------
Melee: Unarmed           |    20 |       |       |       |       ||    20
       Whip              |    73 |     7 |       |       |       ||    80
       Dagger            |       |    73 |   187 |   331 |       ||   591
       Flail             |       |       |       |   115 |    23 ||   138
 Cast: Sandblast         |    24 |    20 |    80 |   227 |    25 ||   376
       Stone Arrow       |       |     2 |     6 |    56 |     7 ||    71
       Lee's Rapid Decon |       |     1 |     6 |    42 |     5 ||    54
       Fireball          |       |       |       |       |     1 ||     1
Evoke: Wand              |       |     1 |     5 |    18 |     9 ||    33
  Use: Scroll            |       |    11 |     5 |    14 |       ||    30
       Potion            |       |       |       |     4 |     1 ||     5
 Stab: Sleeping          |     3 |     3 |     7 |     3 |       ||    16
       Paralysed         |       |       |       |     3 |       ||     3
  Eat: Chunk             |     3 |     6 |    12 |    36 |     4 ||    61
       Ration            |       |       |     1 |       |     1 ||     2
Armor: Robe              |    45 |    25 |   111 |   378 |    37 ||   596
Dodge: Dodged            |    92 |    43 |   133 |   472 |    36 ||   776

Table legend:
 A = Non-vault XP
 B = Vault XP
 C = Vault XP percentage of total XP
 D = Non-vault monster count
 E = Vault monster count
 F = Vault count percentage of total count
                 A         B        C        D         E       F
            +---------+---------+-------+---------+---------+-------
      Total |   31370 |    6946 |  18.1 |     338 |      79 |  18.9
            +---------+---------+-------+---------+---------+-------
        D:1 |      44 |       0 |   0.0 |      19 |       0 |   0.0
        D:2 |      45 |      37 |  45.1 |      19 |       1 |   5.0
        D:3 |     182 |       0 |   0.0 |      26 |       0 |   0.0
        D:4 |     379 |      32 |   7.8 |      12 |       1 |   7.7
        D:5 |     461 |     425 |  48.0 |      19 |      10 |  34.5
        D:6 |    1102 |     937 |  46.0 |      16 |      10 |  38.5
        D:7 |    1808 |      41 |   2.2 |      25 |       1 |   3.8
        D:8 |    1047 |     923 |  46.9 |      15 |       1 |   6.2
        D:9 |    2351 |    1702 |  42.0 |      30 |      10 |  25.0
       D:10 |    3177 |    1647 |  34.1 |      35 |      28 |  44.4
       D:11 |    5530 |       0 |   0.0 |      41 |       0 |   0.0
       D:12 |    5926 |       0 |   0.0 |      37 |       0 |   0.0
       D:13 |    8605 |    1025 |  10.6 |      41 |       1 |   2.4
       D:14 |     713 |       0 |   0.0 |       3 |       0 |   0.0
    Ossuary |       0 |     177 | 100.0 |       0 |      16 | 100.0
            +---------+---------+-------+---------+---------+-------
